 Dungeon Crawl Stone Soup version 0.28-b1 (webtiles) character file.

Game seed: 5504760984961091463

436 Kaptain the Sneak (level 7, -2/45 HPs)
             Began as an Octopode Earth Elementalist on Jan 26, 2022.
             Slain by a scorpion (7 damage)
             ... on level 4 of the Dungeon.
             The game lasted 00:08:15 (3277 turns).

Kaptain the Sneak (Octopode Earth Elementalist)     Turns: 3277, Time: 00:08:17

Health: -2/45      AC:  1    Str: 10    XL:     7   Next: 1%
Magic:  9/12       EV: 10    Int: 22    God:
Gold:   158        SH:  0    Dex: 12    Spells: 9/13 levels left

rFire   . . .      SeeInvis +   o - +10 dagger "Orb Guardian's Curse" {vorpal, Fragile Str+3 Int+2 SInv}
rCold   . . .      Faith    .   (no shield)
rNeg    . . .      Spirit   .   (helmet restricted)
rPois   .          Reflect  .   (no amulet)
rElec   .          Harm     .   (no ring)
rCorr   .          Rampage  .   (no ring)
Will    .....                   (no ring)
Stlth   ++++......              (no ring)
HPRegen 0.15/turn               (no ring)
MPRegen 0.13/turn               (no ring)
                                (no ring)
                                (no ring)

@: lethally poisoned (-2 -> -8), attractive, constricted
A: almost no armour, amphibious, 8 rings, camouflage 1, gelatinous body 1,
(nimble swimmer 1), tentacles
a: no special abilities


You were on level 4 of the Dungeon.
You visited 1 branch of the dungeon, and saw 4 of its levels.

You collected 158 gold pieces.

Inventory:

Hand Weapons
 g - a +0 short sword
 i - a +1 dagger of protection
 j - a +3 scythe
 k - a +4 hand axe
 o - the +10 dagger "Orb Guardian's Curse" (weapon) {vorpal, Fragile Str+3 Int+2 SInv}
   (You found it on level 3 of the Dungeon)

   It inflicts extra damage upon your enemies.
   Str:       It affects your strength (+3).
   Int:       It affects your intelligence (+2).
   SInv:      It lets you see invisible.
   Fragile:   It will be destroyed if unequipped.
Missiles
 b - 39 stones
Magical Staves
 a - a staff of air
Scrolls
 d - a scroll of vulnerability {unknown}
 e - 2 scrolls of magic mapping {unknown}
 f - a scroll of immolation {unknown}
 h - a scroll of silence {unknown}
 n - a scroll of identify {unknown}
Potions
 l - a potion of magic {unknown}
 m - a potion of invisibility {unknown}
 p - a potion of ambrosia {unknown}


   Skills:
 + Level 2.1 Fighting
 + Level 3.1 Dodging
 + Level 4.8 Stealth
 * Level 3.7 Spellcasting
 * Level 0.4 Conjurations
 - Level 1.3 Transmutations
 * Level 4.6 Earth Magic


You had 9 spell levels left.
You knew the following spells:

 Your Spells              Type           Power      Damage    Failure   Level
a - Sandblast             Erth           48%        2d12      1%          1
b - Stone Arrow           Conj/Erth      30%        3d8       12%         3

Your spell library contained the following spells:

 Spells                   Type           Power      Damage    Failure   Level
 Passwall                 Tmut/Erth      14%        N/A       4%          2
 Petrify                  Tmut/Erth      17%        N/A       32%         4


Dungeon Overview and Level Annotations

Branches:
Dungeon (4/15)
 Temple: D:4-7

Altars:


Innate Abilities, Weirdness & Mutations

You cannot wear most types of armour.
You are amphibious.
You can wear up to eight rings at the same time.
Your skin changes colour to match your surroundings (Stealth+).
Your rubbery body absorbs attacks. (AC +1, EV +1)
((You are camouflaged when in or above water. (Stealth+)))
You have tentacles for arms and can constrict up to eight enemies at once.


Message History

Aiming: Sandblast (safe; 1% risk of failure)
Press: ? - help, Shift-Dir - straight line, f - scorpion
Aim: a scorpion (81% to hit)
The blast of sand hits the scorpion!
The scorpion is moderately wounded.
The scorpion stings you.
You are poisoned.
The scorpion poisons you!
Casting: Sandblast (safe; 1% risk of failure)
Confirm with . or Enter, or press ? or * to list all spells.
Aiming: Sandblast (safe; 1% risk of failure)
Press: ? - help, Shift-Dir - straight line, f/p - scorpion
Aim: a scorpion (moderately wounded, 81% to hit)
The blast of sand hits the scorpion but does no damage.
The scorpion is moderately wounded.
You feel very sick. The scorpion closely misses you.
The ball python misses you. The ball python grabs you.
The ball python constricts you. The adder bites you.
Casting: Sandblast (safe; 1% risk of failure)
Confirm with . or Enter, or press ? or * to list all spells.
Aiming: Sandblast (safe; 1% risk of failure)
Press: ? - help, Shift-Dir - straight line, f/p - scorpion
Aim: a scorpion (moderately wounded, 81% to hit)
The blast of sand misses the scorpion.
You feel very sick. The scorpion stings you! The ball python bites you.
The ball python constricts you.
* * * LOW HITPOINT WARNING * * *
The adder bites you.
* * * LOW HITPOINT WARNING * * *
The scorpion stings you.
* * * LOW HITPOINT WARNING * * *
It was a potion of attraction.
You feel attractive to monsters.
You feel sick. The ball python misses you. The ball python constricts you.
* * * LOW HITPOINT WARNING * * *
The adder bites you.
* * * LOW HITPOINT WARNING * * *
The scorpion stings you!
You die...

.. .#... #.. #.....
##..## ##....#
#.....###....###
................
.........).....
......S.....# ..
#.....S@>...###....
.......s........#
#......###..##########
#..........#......)...
#.....##.†............
#.....#..#............
#######.##............
...................
####.#.............


You could see a scorpion, an adder and a ball python.

Vanquished Creatures
  Sigmund (D:2)
  2 orc priests (D:3)
  Jessica (D:2)
  An orc wizard (D:3)
  Robin (D:2)
  3 adders
  A howler monkey skeleton (D:4)
  An adder skeleton (D:4)
  2 worms (D:2)
  6 dart slugs
  13 orcs
  5 endoplasms
  3 giant cockroaches
  15 goblins
  9 hobgoblins
  3 jackals (D:3)
  A quokka (D:1)
  2 ball pythons (D:2)
  8 bats
  5 frilled lizards
  4 kobolds
  4 rats
91 creatures vanquished.

Notes
Turn   | Place    | Note
-------+----------+-------------------------------------------
     0 | D:1      | Kaptain the Octopode Earth Elementalist began the quest for
                  | the Orb.
     0 | D:1      | Reached XP level 1. HP: 11/11 MP: 3/3
   186 | D:1      | Reached XP level 2. HP: 16/17 MP: 1/5
   649 | D:1      | Reached XP level 3. HP: 21/21 MP: 3/6
   655 | D:1      | Learned a level 3 spell: Stone Arrow
  1012 | D:2      | Noticed Robin
  1069 | D:2      | Killed Robin
  1070 | D:2      | Reached XP level 4. HP: 27/27 MP: 1/7
  1423 | D:2      | Noticed Sigmund
  1430 | D:2      | Killed Sigmund
  1431 | D:2      | Reached skill level 1 in Fighting
  1431 | D:2      | Reached XP level 5. HP: 25/33 MP: 1/9
  1431 | D:2      | Reached XP level 6. HP: 29/38 MP: 1/10
  1754 | D:2      | Noticed Jessica
  1756 | D:2      | Killed Jessica
  2231 | D:3      | Found a faded altar of an unknown god.
  2945 | D:3      | Identified the +10 dagger "Orb Guardian's Curse" {vorpal,
                  | Fragile Str+3 Int+2 SInv}
  3263 | D:4      | Reached XP level 7. HP: 45/45 MP: 12/12
  3277 | D:4      | Slain by a scorpion

Illustrated notes

Levels and vault maps discovered:
D:1:      minmay_arrival_shattered_statue, layout_basic, minmay_pentomino_p4
D:2:      cheibrodos_old_hovel, layout_loops_corners, uniq_sigmund, uniq_robin,
          uniq_jessica
D:3:      layout_loops_ring, hellmonk_ecumenical_altar_pennies_from_heaven
D:4:      layout_rooms, serial_shops, nicolae_shop_window_shopping

Skill      XL: |  1  2  3  4  5  6 |
---------------+-------------------+-----
Stealth        | 3 4 |  4.8
Fighting       | 1 2 |  2.1
Spellcasting   | 3 |  3.7
Earth Magic    | 4 |  4.6
Dodging        | 3 |  3.1
Conjurations   | |  0.4
Transmutations | |  1.3

Action                   |  1- 3 |  4- 6 |  7- 9 || total
-------------------------+-------+-------+-------++-------
Melee: Staff             |    13 |     9 |       ||    22
       Constrict         |     5 |     5 |     1 ||    11
       Tentacles         |     2 |     6 |     1 ||     9
       Dagger            |       |    15 |     3 ||    18
       Hand axe          |       |     1 |       ||     1
 Cast: Sandblast         |    39 |    66 |     3 ||   108
       Stone Arrow       |       |     4 |       ||     4
  Use: Potion            |       |       |     1 ||     1
 Stab: Sleeping          |       |     5 |       ||     5
Armor: Skin              |     2 |     3 |       ||     5
Dodge: Dodged            |    15 |    26 |     7 ||    48
